 Dungeon Sprint DCSS version 0.28.0-53-g5a82cb258f (webtiles) character file.

Game seed: 333926383115074481

3384 Zeld the Eclecticist (level 9, -3/45 HPs)
             Began as a Deep Elf Conjurer on May 29, 2022.
             Was a High Priest of Sif Muna.
             Slain by a ghost moth (7 damage)
             ... called by a spriggan druid
             ... in the Dungeon (Sprint IV: "Fedhas' Mad Dash").
             The game lasted 00:04:38 (3993 turns).

Zeld the Eclecticist (Deep Elf Conjurer)            Turns: 3993, Time: 00:04:38

Health: -3/45      AC:  4    Str:  4      XL:     9   Next: 74%
Magic:  16/31      EV: 15    Int: 28      God:    Sif Muna [*****.]
Gold:   78         SH:  0    Dex: 12 (13) Spells: 26/40 levels left

rFire   . . .      SeeInvis .   (no weapon)
rCold   . . .      Faith    .   (no shield)
rNeg    . . .      Spirit   .   a - +0 robe
rPois   .          Reflect  .   (no helmet)
rElec   .          Harm     .   n - +1 cloak {Stlth+}
rCorr   .          Rampage  .   (no gloves)
Will    .....      NoTele   +   (no boots)
Stlth   +++++.....              h - amulet of invisibility {+Inv}
HPRegen 0.15/turn               (no ring)
MPRegen 0.22/turn               (no ring)

@: no status effects
A: no striking features
a: Renounce Religion, Evoke Invisibility, Channel Magic, Forget Spell, Divine
Exegesis


You were in the Dungeon.
You worshipped Sif Muna.
Sif Muna was extremely pleased with you.
You visited 1 branch You collected 185 gold pieces.
You spent 107 gold pieces at shops.

Inventory:

Armour
 a - a +0 robe (worn)
 n - a +1 cloak of stealth (worn)
Jewellery
 h - the amulet of invisibility (around neck) {+Inv}
   (You found it in the Dungeon)

   [amulet of nothing]

   +Inv:      It lets you turn invisible.
Scrolls
 g - a scroll of blinking
 j - 5 scrolls of identify
 k - a scroll of enchant weapon {unknown}
 l - a scroll of brand weapon {unknown}
Potions
 b - a potion of curing
 c - a potion of heal wounds
 d - a potion of haste
 e - 2 potions of magic
 f - a potion of berserk rage
 i - a potion of cancellation {unknown}
 m - a potion of attraction {unknown}


   Skills:
 - Level 8.0 Dodging
 - Level 8.0 Stealth
 * Level 16.4 Spellcasting
 * Level 14.6 Conjurations
 - Level 2.0 Hexes
 - Level 2.0 Translocations
 * Level 11.7 Invocations


You had 26 spell levels left.
You knew the following spells:

 Your Spells              Type           Power      Damage    Failure   Level
a - Magic Dart            Conj           100%       1d8       0%          1
b - Searing Ray           Conj           100%       2d8       0%          2
c - Fulminant Prism       Conj/Hex       31%        3d16      1%          4
d - Iskenderun's Mystic   Conj/Tloc      62%        2d13      1%          4
z - Dazzling Flash        Conj/Hex       100%       N/A       1%          3

Your spell library contained the following spells:

 Spells                   Type           Power      Damage    Failure   Level
 Stone Arrow              Conj/Erth      100%       3d13      1%          3
 Hailstorm                Conj/Ice       59%        3d13      1%          4
 Iskenderun's Battlesphe  Conj           81%        2d13      1%          5
 Ozocubu's Armour         Ice            22%        N/A       6%          3
 Freezing Cloud           Conj/Ice/Air   25%        6-21      8%          5
 Monstrous Menagerie      Summ           11%        N/A       100%        7
 Lehudib's Crystal Spear  Conj/Erth      29%        10d8      100%        8
 Shatter                  Erth           11%        3d12*     100%        9


Dungeon Overview and Level Annotations

Branches:
Dungeon (1/1)

Altars:
Cheibriados
Dithmenos
Elyvilon
Gozag
Hepliaklqana
Kikubaaqudgha
Makhleb
Nemelex Xobeh
Okawaru
Qazlal
Ru
Sif Muna
Trog
Uskayaw
Vehumet
Wu Jian
Xom
Yredelemnul
Zin
The Shining One
Beogh
Jiyva
Lugonu

Shops:
D ?:(*


Message History

Aiming: Searing Ray (safe; 0% risk of failure)
Press: ? - help, Shift-Dir - straight line, f - spriggan druid
Aim: a spriggan druid, wielding a +0 quarterstaff and wearing a +0 robe (severely wounded, 65% to hit)
The searing ray hits the spriggan druid.
The spriggan druid is almost dead. (Press . to maintain the ray.)
The spriggan druid casts a spell.
The forest starts to sway and rumble!
The searing ray hits the spriggan druid.
The spriggan druid is almost dead.
The forest calms down.
Unknown command.
Casting: Searing Ray (safe; 0% risk of failure)
Confirm with . or Enter, or press ? or * to list all spells.
You erupt in a blast of force!
The mystic blast hits the spriggan druid!
You kill the spriggan druid!
Sif Muna accepts your kill.
Your Spellcasting skill increases to level 16!
Unknown command.
Casting: Iskenderun's Mystic Blast (dangerous; 1% risk of failure)
Confirm with . or Enter, or press ? or * to list all spells.
You can't see any susceptible monsters within range! (Use Z to cast anyway.)
Things that are here:
a +0 quarterstaff; a +0 robe; a spriggan corpse You start resting.
There is a strange disturbance nearby!
You start resting.
Something hits you!
You feel clumsy.
Deactivating autopickup; reactivate with Ctrl-A.
Something hits you! Something barely misses you.
You aren't carrying any items that you can evoke.
Unknown command.
You feel you are being watched by something.
You feel your power leaking away. Something hits you!!
* * * LOW HITPOINT WARNING * * *
Something hits you!
You die...

#################################
....#.....#.⌠._._._._.⌠.#.('.))#.
....'.#...'.._._._._._..'..#...#.
....#.#...#..._._._._...#..###'##
########'##.._._._._._..#..##∩∩.'
......'...#._._._._._.⌠.#########
♣.....#...###############
..♣..######♣♣♣♣♣@.♣
'######.|'..)...♣..♣
.'.......#♣..♣♣♣.♣..#
##.......#.♣♣.[♣.$$♣+
###################


There were no monsters in sight!

Vanquished Creatures
  A spriggan druid (D)
  2 oklob plants (D)
  3 wandering mushrooms (D)
  A queen bee (D)
  3 burning bushes (D)
  3 scorpions (D)
  4 killer bees (D)
  5 oklob saplings (D)
  2 spriggans (D)
  A river rat (D)
  A rat (D)
26 creatures vanquished.

Vanquished Creatures (others)
  16 fulminant prisms (D)
  2 fungi (D)
18 creatures vanquished.

Grand Total: 44 creatures vanquished

Notes
Turn   | Place    | Note
-------+----------+-------------------------------------------
     0 | D        | Zeld the Deep Elf Conjurer began the quest for the Orb.
     0 | D        | Reached XP level 1. HP: 10/10 MP: 6/6
    12 | D        | Reached skill level 4 in Spellcasting
    12 | D        | Reached skill level 5 in Conjurations
    12 | D        | Reached XP level 2. HP: 15/15 MP: 4/9
    16 | D        | Learned a level 2 spell: Searing Ray
   174 | D        | Noticed a scorpion
   177 | D        | Killed a scorpion
   178 | D        | Reached skill level 7 in Spellcasting
   178 | D        | Reached XP level 3. HP: 13/19 MP: 5/14
   178 | D        | Reached XP level 4. HP: 17/24 MP: 5/15
   182 | D        | Learned a level 3 spell: Dazzling Flash
   187 | D        | Learned a level 4 spell: Fulminant Prism
   192 | D        | Learned a level 4 spell: Iskenderun's Mystic Blast
   464 | D        | Reached skill level 8 in Spellcasting
   464 | D        | Reached skill level 1 in Hexes
   464 | D        | Reached skill level 1 in Translocations
   665 | D        | Found the amulet of invisibility {+Inv}
   900 | D        | Found an opulent altar of Gozag.
   900 | D        | Found a hazy altar of Hepliaklqana.
   900 | D        | Found a burning altar of Makhleb.
   900 | D        | Found a sparkling altar of Nemelex Xobeh.
   900 | D        | Found a snail-covered altar of Cheibriados.
   900 | D        | Found a sacrificial altar of Ru.
   900 | D        | Found a shimmering blue altar of Sif Muna.
   900 | D        | Found a shimmering altar of Xom.
   900 | D        | Found a basalt altar of Yredelemnul.
   903 | D        | Found a viscous altar of Jiyva.
   903 | D        | Found a bloodstained altar of Trog.
   903 | D        | Found an ornate altar of the Wu Jian Council.
   908 | D        | Found an iron altar of Okawaru.
   908 | D        | Found a glowing silver altar of Zin.
   908 | D        | Found a shadowy altar of Dithmenos.
   911 | D        | Found a hide-covered altar of Uskayaw.
   911 | D        | Found an ancient bone altar of Kikubaaqudgha.
   912 | D        | Found a stormy altar of Qazlal.
   912 | D        | Found a glowing golden altar of the Shining One.
   912 | D        | Found a white marble altar of Elyvilon.
   913 | D        | Found a radiant altar of Vehumet.
   913 | D        | Found a corrupted altar of Lugonu.
   915 | D        | Became a worshipper of Sif Muna the Loreminder
   924 | D        | Reached skill level 9 in Spellcasting
   924 | D        | Reached XP level 5. HP: 28/28 MP: 6/18
  1030 | D        | Reached skill level 1 in Invocations
  1065 | D        | Reached * piety under Sif Muna
  1066 | D        | Reached skill level 10 in Spellcasting
  1067 | D        | Reached skill level 10 in Conjurations
  1067 | D        | Reached XP level 6. HP: 32/32 MP: 10/21
  1311 | D        | Found Qaim's Book Shop.
  1312 | D        | Found Buenomux's Magic Scroll Emporium.
  1421 | D        | Bought a scroll of identify for 20 gold pieces
  1421 | D        | Bought a scroll of identify for 20 gold pieces
  1421 | D        | Bought a scroll of identify for 20 gold pieces
  1421 | D        | Bought a scroll of identify for 20 gold pieces
  1424 | D        | Noticed a burning bush
  1424 | D        | Noticed a wandering mushroom
  1427 | D        | Noticed a wandering mushroom
  1432 | D        | Killed a wandering mushroom
  1432 | D        | Reached ** piety under Sif Muna
  1432 | D        | Killed a burning bush
  1433 | D        | Reached skill level 5 in Dodging
  1433 | D        | Reached skill level 12 in Spellcasting
  1433 | D        | Reached XP level 7. HP: 31/36 MP: 1/24
  1663 | D        | Killed a wandering mushroom
  1664 | D        | Reached skill level 13 in Spellcasting
  1756 | D        | Found Bucre's Assorted Antiques.
  1756 | D        | Found Pumyugh's Weapon Shoppe.
  1761 | D        | Got Ehunohin's Almanac of Destructive Summoning
  1808 | D        | Reached *** piety under Sif Muna
  1809 | D        | Reached XP level 8. HP: 41/41 MP: 22/27
  1842 | D        | Noticed a queen bee
  1865 | D        | Killed a queen bee
  1865 | D        | Reached **** piety under Sif Muna
  1901 | D        | Bought a metallic white potion for 27 gold pieces
  2050 | D        | Noticed an oklob plant
  2062 | D        | Killed an oklob plant
  2063 | D        | Reached skill level 14 in Spellcasting
  2189 | D        | Noticed a burning bush
  2192 | D        | Killed a burning bush
  2193 | D        | Reached XP level 9. HP: 45/45 MP: 20/29
  2238 | D        | Noticed a burning bush
  2238 | D        | Noticed an oklob plant
  2836 | D        | Noticed a wandering mushroom
  2982 | D        | Killed a wandering mushroom
  2983 | D        | Reached skill level 15 in Spellcasting
  2983 | D        | Reached skill level 10 in Invocations
  2985 | D        | Killed a burning bush
  2985 | D        | Reached ***** piety under Sif Muna
  3366 | D        | Killed an oklob plant
  3366 | D        | Received a gift from Sif Muna
  3369 | D        | Got Sif Muna's Disquisition on Clay and the Glacier {god
                  | gift}
  3961 | D        | Noticed a spriggan druid
  3972 | D        | Killed a spriggan druid
  3973 | D        | Reached skill level 16 in Spellcasting
  3993 | D        | Slain by a ghost moth

Illustrated notes

Levels and vault maps discovered:
D:        dungeon_sprint_fedhas [sprint_temple]

Skill      XL: |  1  2  3  4  5  6  7  8  9 |
---------------+----------------------------+-----
Spellcasting   | 4 7 9 10 12 13 14 16 | 16.4
Conjurations   | 5 7 9 10 11 13 14 | 14.6
Hexes          | 2 |  2.0
Translocations | 2 |  2.0
Stealth        | 4 6 7 8 |  8.0
Invocations    | 3 6 7 9 11 | 11.7
Dodging        | 3 5 6 7 8 |  8.0

Action                   |  1- 3 |  4- 6 |  7- 9 || total
-------------------------+-------+-------+-------++-------
Melee: Unarmed           |     4 |       |     1 ||     5
 Cast: Magic Dart        |     3 |       |    10 ||    13
       Searing Ray       |     1 |     6 |    14 ||    21
       Iskenderun's Myst |       |     2 |    15 ||    17
       Fulminant Prism   |       |     2 |    14 ||    16
 Abil: Evoke Invisibilit |       |     3 |     7 ||    10
Dodge: Dodged            |       |     1 |     5 ||     6
